 Dungeon Crawl Stone Soup version 0.31-a0-187-gba352fbbf7 (webtiles) character file.

Game seed: 5371295556076601367

2746 qw the Markself (level 9, 0/52 HPs)
             Began as a Deep Elf Hunter on June 22, 2023.
             Slain by a manticore (3 damage)
             ... on level 6 of the Dungeon.
             The game lasted 00:02:15 (4651 turns).

qw the Markself (Deep Elf Hunter)                   Turns: 4651, Time: 00:02:16

Health: 0/52       AC:  9    Str: 12    XL:     9   Next: 41%
Magic:  11/11      EV: 13    Int: 15    God:
Gold:   224        SH:  5    Dex: 18    Spells: 8/8 levels left

rFire   . . .        Y - +1 orcbow
rCold   . . .        (shield currently unavailable)
rNeg    . . .        g - +0 ring mail
rPois   .            (no helmet)
rElec   .            (no cloak)
rCorr   .            h - +2 pair of gloves
SInv    .            k - +0 pair of boots
Will    .....        d - amulet of reflection
Stlth   +            (no ring)
HPRegen 0.28/turn    (no ring)
MPRegen 0.12/turn

%: reflection
@: no status effects
A: no striking features
a: no special abilities


You were on level 6 of the Dungeon.
You visited 2 branches of the dungeon, and saw 7 of its levels.
You also visited: Ossuary.

You collected 224 gold pieces.


   Skills:
 - Level 4.0 Fighting
 + Level 15.4 Ranged Weapons
 - Level 1.0 Armour
 - Level 5.1 Dodging
 - Level 1.2 Stealth


You had 8 spell levels left.
You didn't know any spells.
Your spell library was empty.

Inventory:

Hand Weapons
 Y - a +1 orcbow (weapon)
Armour
 g - a +0 ring mail (worn)
 h - a +2 pair of gloves (worn)
 k - a +0 pair of boots (worn)
Jewellery
 d - an amulet of reflection (around neck)
Scrolls
 a - 4 scrolls of identify
 i - 2 scrolls of teleportation
Potions
 b - a potion of haste
 e - a potion of cancellation
 f - 2 potions of curing
 j - 3 potions of mutation
 n - 3 potions of heal wounds

Dungeon Overview and Level Annotations

Branches:
Dungeon (6/15)             Temple (1/1) D:5         Ossuary (visited)

Altars:
Cheibriados
Dithmenos
Elyvilon
Fedhas
Gozag
Kikubaaqudgha
Makhleb
Qazlal
Trog
Vehumet
Wu Jian
Xom
Yredelemnul
Zin
The Shining One

Shops:
D:4 (

Annotations:
D:3 Natasha


Message History

An ogre comes into view. It is wielding a +0 giant club.
The manticore barely misses you. The manticore claws you.
The manticore closely misses you.
You shoot an arrow. The arrow barely misses the manticore.
The arrow hits the iguana!
You kill the iguana!
You carefully extract the barbed spikes from your body.
A troll comes into view.
You block the manticore's attack. The manticore closely misses you.
The manticore claws you.
You shoot an arrow. The troll shouts!
The arrow hits the manticore!
The manticore is severely wounded.
You hear a shout!
You hear an angry hiss.
A hound comes into view.
You block the manticore's attack. The manticore closely misses you.
The manticore misses you.
You shoot an arrow. The hound barks!
The arrow hits the manticore!
The manticore is almost dead.
The manticore closely misses you. You block the manticore's attack.
The manticore closely misses you.
You shoot an arrow.
The arrow hits the manticore but does no damage.
The manticore is almost dead.
You block the manticore's attack. The manticore claws you.
The manticore claws you but does no damage.
The iguana closely misses you.
You shoot an arrow. The arrow hits the manticore.
The manticore is almost dead.
The manticore bites you! The manticore barely misses you.
The manticore misses you. The iguana closely misses you.
You shoot an arrow.
The arrow hits the manticore but does no damage.
The manticore is almost dead.
The manticore bites you! The manticore closely misses you.
The manticore claws you.
You die...

...........###...#
............¤D....
.........[####....
.#..###...## ##
...........##
.....#......## #..
#.###...## #.
#......h.##
....#....@.# ###
#.###Hl.# #.
TO?..# (. #......#
### #.###..# #.
..# (. .# ## .#


You could see a manticore, a troll, an ogre, an iguana and a hound.

Vanquished Creatures
  Prince Ribbit (D:5)
  A steam dragon (D:6)
  A water moccasin (D:5)
  A sky beast (D:4)
  An ice beast (D:5)
  A black bear (D:6)
  An ogre (D:5)
  2 centaurs
  A phantom (D:5)
  A bullfrog (D:6)
  13 scorpions
  A howler monkey (D:4)
  3 centaur zombies (Ossuary)
  A jelly (D:6)
  A gnoll bouda (D:5)
  2 hounds
  3 human zombies (Ossuary)
  A sleepcap (D:5)
  Natasha (D:3)
  3 iguanas
  2 orc wizards (D:5)
  4 scorpion zombies (Ossuary)
  Ijyb (D:3)
  A statue (D:3)
  3 mummies (Ossuary)
  8 gnolls
  4 adders
  A white imp (D:6)
  3 worms
  3 dart slugs
  5 orcs
  4 ball pythons
  A bat (D:3)
  An endoplasm (D:3)
  2 giant cockroaches
  6 hobgoblins
  3 jackals (D:1)
  3 quokkas (D:1)
  A frilled lizard (D:1)
  A gnoll zombie (Ossuary)
  4 goblins
  4 hobgoblin zombies (Ossuary)
  9 kobolds
  A kobold zombie (Ossuary)
  2 orc zombies (Ossuary)
  4 rats (D:1)
121 creatures vanquished.

Notes
Turn   | Place    | Note
-------+----------+-------------------------------------------
     0 | D:1      | qw the Deep Elf Hunter began the quest for the Orb.
     0 | D:1      | Reached XP level 1. HP: 12/12 MP: 3/3
     0 | D:1      | 0 ||| qw: Version: 0.3-a-9-g12657ce
     0 | D:1      | 0 ||| qw: Game counter: 2713
     0 | D:1      | 0 ||| qw: Always use a shield: true
     0 | D:1      | 0 ||| qw: God list: Okawaru
     0 | D:1      | 0 ||| qw: Allow faded altars: false
     0 | D:1      | 0 ||| qw: Do Orc after D:15 true
     0 | D:1      | 0 ||| qw: Do second Lair branch before Depths: true
     0 | D:1      | 0 ||| qw: Lair rune preference: random
     0 | D:1      | 0 ||| qw: Plans: Normal
     0 | D:1      | 0 ||| PLANNING D:1-11
   129 | D:1      | Reached XP level 2. HP: 16/16 MP: 4/4
   133 | D:1      | Reached skill level 6 in Ranged Weapons
   332 | D:1      | HP: 4/16 [jackal (2)]
   624 | D:1      | 624 ||| READING 2 scrolls labelled VIUFE XOFA.
   625 | D:1      | 625 ||| READING scroll labelled MIMIUNARIA.
   654 | D:1      | 654 ||| READING scroll labelled VYMI MANOHOTOD.
   655 | D:1      | 655 ||| DROPPING scroll of amnesia.
   656 | D:1      | 656 ||| DROPPING scroll of butterflies.
   699 | D:2      | 699 ||| STAIRDANCE
   702 | D:1      | Reached XP level 3. HP: 13/20 MP: 5/5
  1250 | D:2      | 1250 ||| UPGRADING to +0 pair of gloves.
  1255 | D:2      | 1255 ||| READING scroll labelled PUQIUN SORHI.
  1256 | D:2      | 1256 ||| READING scroll labelled ESUFOH TOTU.
  1261 | D:2      | 1261 ||| READING scroll labelled SUAHONUUTI.
  1262 | D:2      | 1262 ||| DRINKING 2 glowing black potions.
  1263 | D:2      | 1263 ||| DROPPING potion of degeneration.
  1282 | D:3      | Reached skill level 7 in Ranged Weapons
  1359 | D:3      | Noticed Natasha
  1360 | D:3      | 1360 ||| Stepping ~*~*~tactically~*~*~ (outnumbered).
  1362 | D:3      | 1362 ||| Stepping ~*~*~tactically~*~*~ (outnumbered).
  1369 | D:3      | Killed Natasha
  1370 | D:3      | Reached XP level 4. HP: 20/25 MP: 6/6
  1439 | D:3      | Reached skill level 8 in Ranged Weapons
  1610 | D:3      | Noticed Ijyb
  1612 | D:3      | 1612 ||| FLEEEEING.
  1634 | D:3      | Killed Ijyb
  1635 | D:3      | Reached XP level 5. HP: 18/29 MP: 7/7
  1832 | D:3      | Found a radiant altar of Vehumet.
  1832 | D:3      | Noticed a frost-covered statue
  1854 | D:3      | Killed a frost-covered statue
  2012 | D:3      | Noticed Natasha
  2072 | D:3      | 2072 ||| UPGRADING to +0 ring mail.
  2082 | D:3      | 2082 ||| DROPPING +0 leather armour.
  2083 | D:3      | 2083 ||| UPGRADING to +0 pair of boots.
  2088 | D:3      | 2088 ||| UPGRADING to amulet of reflection.
  2093 | D:3      | 2093 ||| READING scroll labelled ERHIQOUXOL.
  2094 | D:3      | 2094 ||| DRINKING 2 silvery potions.
  2095 | D:3      | 2095 ||| DRINKING 3 sedimented red potions.
  2096 | D:3      | 2096 ||| DROPPING potion of attraction.
  2153 | D:4      | Noticed a sky beast
  2170 | D:4      | Killed a sky beast
  2171 | D:4      | Reached skill level 9 in Ranged Weapons
  2171 | D:4      | Reached XP level 6. HP: 17/34 MP: 8/8
  2476 | D:4      | Found Wocuigh's Antique Weapon Boutique.
  2484 | D:4      | 2484 ||| SHOPLISTING runed longbow (199 gold, have 147).
  2582 | D:4      | Reached skill level 1 in Armour
  2650 | D:4      | 2650 ||| READING scroll of enchant armour.
  2650 | D:4      | 2650 ||| ENCHANTING +0 pair of gloves.
  2762 | D:4      | Reached skill level 10 in Ranged Weapons
  2771 | D:4      | Reached skill level 3 in Dodging
  2975 | D:4      | 2975 ||| DROPPING +6 ring of intelligence.
  2976 | D:4      | 2976 ||| READING scroll labelled VARE DULIR.
  2977 | D:4      | 2977 ||| READING scroll labelled ETACSU LICS.
  2978 | D:4      | 2978 ||| READING 6 scrolls of identify.
  2978 | D:4      | 2978 ||| IDENTIFYING white potion
  2979 | D:4      | 2979 ||| READING 5 scrolls of identify.
  2979 | D:4      | 2979 ||| IDENTIFYING purple potion
  2996 | D:5      | Entered Level 5 of the Dungeon
  2997 | D:5      | 2997 ||| PLANNING OSSUARY
  3032 | D:5      | 3032 ||| FLEEEEING.
  3033 | D:5      | 3033 ||| FLEEEEING.
  3035 | D:5      | 3035 ||| FLEEEEING.
  3036 | D:5      | 3036 ||| FLEEEEING.
  3054 | D:5      | HP: 7/35 [gnoll bouda/+0 club (4)]
  3055 | D:5      | 3055 ||| READING 2 scrolls of teleportation.
  3057 | D:5      | Reached XP level 7. HP: 6/40 MP: 9/9
  3235 | D:5      | Reached skill level 11 in Ranged Weapons
  3317 | D:5      | Reached skill level 12 in Ranged Weapons
  3427 | D:5      | Reached XP level 8. HP: 44/45 MP: 10/10
  3442 | D:5      | Reached skill level 3 in Fighting
  3465 | D:5      | 3465 ||| SWAPPING to +0 orcbow.
  3471 | D:5      | 3471 ||| DROPPING +0 shortbow of freezing.
  3477 | D:5      | Noticed Prince Ribbit
  3499 | D:5      | Killed Prince Ribbit
  3570 | D:5      | Found a sand-covered staircase.
  3571 | D:5      | 3571 ||| READING 4 scrolls of identify.
  3571 | D:5      | 3571 ||| IDENTIFYING yellow potion
  3577 | Ossuary  | Entered an ossuary
  3589 | Ossuary  | Reached skill level 13 in Ranged Weapons
  3896 | Ossuary  | Reached skill level 14 in Ranged Weapons
  4005 | Ossuary  | Reached XP level 9. HP: 50/50 MP: 11/11
  4142 | Ossuary  | 4142 ||| READING scroll of enchant armour.
  4142 | Ossuary  | 4142 ||| ENCHANTING +1 pair of gloves.
  4149 | Ossuary  | 4149 ||| READING 2 scrolls labelled WONLYIFYMA.
  4150 | Ossuary  | 4150 ||| READING scroll labelled VIAR WAOKU.
  4151 | Ossuary  | 4151 ||| READING scroll labelled ISIWERA ROUNY.
  4152 | Ossuary  | 4152 ||| DRINKING 4 dark potions.
  4153 | Ossuary  | 4153 ||| DROPPING scroll of fog.
  4207 | D:5      | 4207 ||| PLANNING D:1-11
  4227 | D:5      | Reached skill level 15 in Ranged Weapons
  4293 | D:5      | Found a staircase to the Ecumenical Temple.
  4294 | D:5      | 4294 ||| PLANNING TEMPLE
  4299 | Temple   | Entered the Ecumenical Temple
  4391 | Temple   | 4391 ||| PLANNING D:1-11
  4616 | D:6      | 4616 ||| Stepping ~*~*~tactically~*~*~ (cloud).
  4638 | D:6      | Noticed a manticore
  4646 | D:6      | Noticed a troll
  4651 | D:6      | HP: 3/52 [manticore (11)]
  4651 | D:6      | Slain by a manticore

Levels and vault maps discovered:
D:1:      minmay_arrival_plants_in_alcoves, layout_basic, kennysheep_minor_cross
D:2:      layout_loops_ring
D:3:      layout_loops_cross, vehumet_statue, minmay_tree_intersection,
          minivault_24, uniq_ijyb, uniq_natasha
D:4:      layout_cave_pods, serial_shops, nicolae_shop_overgrown_old_shop
D:5:      layout_rooms, minmay_temple_entry_overgrown,
          nicolae_ossuary_entry_plus, uniq_prince_ribbit1
D:6:      hangedman_cross_stitches, layout_basic, serial_shops,
          kennysheep_mini_moat
Temple:   compressed_dpeg_circular_temple

Skill      XL: |  1  2  3  4  5  6  7  8  9 |
---------------+----------------------------+-----
Ranged Weapons | 6 7 8 9 10 12 14 15 | 15.4
Fighting       | 2 3 4 |  4.0
Armour         | 1 |  1.0
Dodging        | 3 5 |  5.1
Stealth        | |  1.2

Action                     |  1- 3 |  4- 6 |  7- 9 || total
---------------------------+-------+-------+-------++-------
   Fire: Shortbow          |    98 |   158 |    76 ||   332
         Orcbow            |       |       |   240 ||   240
    Use: Scroll            |     6 |     7 |     5 ||    18
         Potion            |     1 |     2 |     1 ||     4
 Armour: Leather armour    |    11 |     3 |       ||    14
         Ring mail         |       |    10 |    47 ||    57
  Dodge: Dodged            |    28 |    40 |    75 ||   143
  Block: Other             |       |    11 |    30 ||    41
         Reflection        |       |       |     1 ||     1

Table legend:
 A = Non-vault XP
 B = Vault XP
 C = Vault XP percentage of total XP
 D = Non-vault monster count
 E = Vault monster count
 F = Vault count percentage of total count
                 A         B        C        D         E       F
            +---------+---------+-------+---------+---------+-------
      Total |    2191 |    1732 |  44.1 |      85 |      36 |  29.8
            +---------+---------+-------+---------+---------+-------
        D:1 |      51 |       0 |   0.0 |      23 |       0 |   0.0
        D:2 |      11 |       0 |   0.0 |       5 |       0 |   0.0
        D:3 |      93 |     103 |  52.6 |      14 |       3 |  17.6
        D:4 |     367 |       0 |   0.0 |      13 |       0 |   0.0
        D:5 |    1115 |     286 |  20.4 |      24 |       1 |   4.0
        D:6 |     554 |     128 |  18.8 |       6 |       2 |  25.0
    Ossuary |       0 |    1215 | 100.0 |       0 |      30 | 100.0
            +---------+---------+-------+---------+---------+-------
